 Dungeon Crawl Stone Soup version 0.30.1-4-g462c640d31 (webtiles) character file.

Game seed: 16782359952228499650

162142 Peloso the Fencer (level 17, -10/163 HPs)
             Began as a Minotaur Fighter on Sept 11, 2023.
             Was the Champion of Okawaru.
             Killed from afar by a deep elf zephyrmancer (25 damage)
             ... with a bolt of lightning
             ... on level 3 of the Elven Halls.
             The game lasted 01:07:05 (27984 turns).

Peloso the Fencer (Minotaur Fighter)               Turns: 27984, Time: 01:07:06

Health: -10/163    AC: 27    Str: 22    XL:     17   Next: 21%
Magic:  17/17      EV: 16    Int: 13    God:    Okawaru [******]
Gold:   2866       SH: 21    Dex: 20    Spells: 16/16 levels left

rFire   . . .        a - +11 Singing Sword {sonic wave}
rCold   + . .        d - +0 kite shield
rNeg    . . .        V - +0 plate armour {Will+}
rPois   +            Q - +1 hat {Will+}
rElec   .            G - +0 cloak
rCorr   .            r - +3 pair of gloves of Okawaru's Hope {Fly Int+5}
SInv    .            M - +1 pair of boots {Stlth+}
Will    +++..        F - amulet of reflection Stlth
                     n - +5 ring of evasion
HPRegen 0.47/turn    A - ring "Goakk" {Wiz rPois rC+ Int+3 Dex+3}
MPRegen 0.15/turn

%: reflection, wizardry (x1)
@: flying, studying Ice Magic
A: horns 2, retaliatory headbutt
a: Renounce Religion, Heroism, Finesse, Duel


You were on level 3 of the Elven Halls.
You worshipped Okawaru.
Okawaru was exalted by your worship.
You visited 5 branches of the dungeon, and saw 26 of its levels.
You also visited: Ice Cave and Volcano.

You collected 2932 gold pieces.
You spent 66 gold pieces at shops.

Inventory:

Hand Weapons
 a - the +11 Singing Sword (weapon) {sonic wave}
   (You found it on level 5 of the Dungeon)
 b - the +3 scimitar of Wieshure {flame, rElec}
   (Okawaru gifted it to you on level 1 of the Elven Halls)

   rElec:     It insulates you from electricity.
 c - a +3 scimitar of flaming
Armour
 d - a +0 kite shield (worn)
 h - a +4 plate armour of cold resistance
 q - a +1 plate armour of fire resistance
 r - the +3 pair of gloves of Okawaru's Hope (worn) {Fly Int+5}
   (Okawaru gifted it to you on level 15 of the Dungeon)

   Int:       It affects your intelligence (+5).
   Fly:       It grants you flight.
 G - a +0 cloak (worn)
 M - a +1 pair of boots of stealth (worn)
 Q - a +1 hat of willpower (worn)
 V - a +0 plate armour of willpower (worn)
Jewellery
 f - the ring "Xoex" {rN+ Str+2}
   (You found it in an ice cave)

   [ring of positive energy]

   Str:       It affects your strength (+2).
   rN:        It protects you from negative energy.
 j - an amulet of regeneration
 n - a +5 ring of evasion (left hand)
 p - a ring of flight
 A - the ring "Goakk" (right hand) {Wiz rPois rC+ Int+3 Dex+3}
   (You acquired it in a volcano)

   [ring of wizardry]

   It improves your spell success rate.
   Int:       It affects your intelligence (+3).
   Dex:       It affects your dexterity (+3).
   rC:        It protects you from cold.
   rPois:     It protects you from poison.
 D - a +6 ring of dexterity
 F - an amulet of reflection (around neck)
 O - a ring of ice
Wands
 k - a wand of mindburst (8)
 t - a wand of flame (6)
 R - a wand of digging (2)
Scrolls
 g - 4 scrolls of poison
 l - 6 scrolls of fear
 m - 3 scrolls of immolation
 s - a scroll of amnesia
 v - a scroll of enchant weapon
 y - 10 scrolls of teleportation
 L - 3 scrolls of blinking
 N - a scroll of acquirement
 X - 2 scrolls of magic mapping
 Z - 2 scrolls of identify
Potions
 e - 11 potions of might
 i - 7 potions of curing
 o - 6 potions of haste
 u - 2 potions of invisibility
 z - 3 potions of flight
 T - 2 potions of heal wounds
 Y - a potion of berserk rage


   Skills:
 + Level 18.0 Fighting
 + Level 20.5 Long Blades
 + Level 6.3 Polearms
 + Level 15.6 Armour
 + Level 7.5 Dodging
 + Level 3.0 Stealth
 + Level 18.6 Shields
 + Level 1.6 Invocations
 + Level 0.7 Evocations


You had 16 spell levels left.
You didn't know any spells.
Your spell library contained the following spells:

 Spells                   Type           Power      Damage    Failure   Level
 Magic Dart               Conj           0%         1d3       78%         1
 Sandblast                Erth           0%         2d4       78%         1
 Momentum Strike          Conj/Tloc      0%         3d8       89%         2
 Passwall                 Tmut/Erth      0%         N/A       89%         2
 Searing Ray              Conj           0%         2d4       89%         2
 Dazzling Flash           Conj/Hex       0%         N/A       98%         3
 Gell's Gravitas          Tloc           0%         N/A       98%         3
 Ozocubu's Armour         Ice            0%         N/A       98%         3
 Stone Arrow              Conj/Erth      0%         3d7       98%         3
 Volatile Blastmotes      Fire/Tloc      0%         2d10      98%         3
 Fulminant Prism          Conj/Hex       0%         3d5       100%        4
 Iskenderun's Mystic Bla  Conj/Tloc      0%         2d3       100%        4
 Manifold Assault         Tloc           0%         N/A       100%        4
 Agony                    Necr           0%         N/A       100%        5
 Alistair's Intoxication  Tmut/Pois      0%         N/A       100%        5
 Borgnjor's Vile Clutch   Necr/Erth      0%         N/A       100%        5
 Silence                  Hex/Air        0%         N/A       100%        5
 Conjure Ball Lightning   Conj/Air       0%         3x3d6     100%        6
 Dispersal                Tloc           0%         N/A       100%        6
 Eringya's Noxious Bog    Tmut/Pois      0%         N/A       100%        6
 Starburst                Conj/Fire      0%         6d3       100%        6
 Orb of Destruction       Conj           0%         9d5       100%        7
 Ozocubu's Refrigeration  Ice            0%         4d7       100%        7
 Discord                  Hex            0%         N/A       100%        8
 Disjunction              Tloc           0%         N/A       100%        8
 Summon Guardian Golem    Hex/Summ       Unusable   N/A       N/A         3
 Spellforged Servitor     Conj/Summ      Unusable   N/A       N/A         7

Dungeon Overview and Level Annotations

Branches:
Dungeon (15/15)            Temple (1/1) D:5            Lair (5/5) D:9
  Swamp (0/4) Lair:2        Snake (0/4) Lair:3        Slime (0/5) Lair:4
    Orc (2/2) D:11            Elf (3/3) Orc:2        Vaults (0/5) D:14
 Depths (0/4) D:15          IceCv (visited)         Volcano (visited)

Altars:
Ashenzari
Cheibriados
Dithmenos
Elyvilon
Fedhas
Gozag
Hepliaklqana
Kikubaaqudgha
Makhleb
Nemelex Xobeh
Okawaru
Qazlal
Ru
Sif Muna
Trog
Uskayaw
Vehumet
Wu Jian
Xom
Yredelemnul
Zin
The Shining One
Jiyva

Shops:
D:1 =   D:4 *   Orc:2 ?===

Annotations:
Lair:5 Casa
Elf:2 3 runed translucent doors


Innate Abilities, Weirdness & Mutations

You have a pair of horns on your head.
You reflexively headbutt those who attack you in melee.


Message History

The arrow misses the deep elf archer.
Unknown command.
You slice the deep elf annihilator!!
The deep elf annihilator is almost dead.
The deep elf annihilator casts a spell at you.
The crystal spear hits you!!!
The deep elf archer shoots an arrow.
You block the arrow with an invisible shield... and reflect it back!
The arrow closely misses the deep elf archer.
Unknown command.
You slice the deep elf annihilator!!
You kill the deep elf annihilator!
Okawaru accepts your kill.
Your Stealth skill increases to level 3!
You slice the deep elf zephyrmancer!!
The deep elf zephyrmancer is almost dead.
The deep elf archer shoots an arrow.
You block the arrow with an invisible shield... and reflect it back!
The arrow hits the deep elf archer!
You kill the deep elf archer!
Okawaru accepts your kill.
You slash the deep elf zephyrmancer!
You kill the deep elf zephyrmancer!
Okawaru accepts your kill.
Unknown command.
You closely miss the deep elf pyromancer.
Your headbutt misses the deep elf pyromancer.
The deep elf pyromancer is heavily wounded.
The deep elf zephyrmancer casts a spell at you.
The bolt of lightning hits you!
* * * LOW HITPOINT WARNING * * *
The bolt of lightning hits the deep elf pyromancer!!
The deep elf pyromancer dies!
The deep elf zephyrmancer points at you and mumbles some strange words.
The bolt of lightning hits you!!
* * * LOW HITPOINT WARNING * * *
You hit the deep elf zephyrmancer. You headbutt the deep elf zephyrmancer.
The deep elf zephyrmancer is moderately wounded.
The deep elf zephyrmancer casts a spell at you.
The bolt of lightning hits you!!
You die...

..... ##.#.# #....# .....
....# #.#)# #########.#
#.......#.# ##...@.#
#...e###### #.# .. #
#..).####.####.# ...
#.##....##.....##.###..
##...<..............###
#....................#
#....................#
#.............[....#.#####
#####...#).........#......


You could see a deep elf zephyrmancer.

Vanquished Creatures
  2 liches
  A deep elf master archer (Elf:1)
  Gastronok (Lair:1)
  3 deep elf sorcerers (Elf:1)
  An orc warlord (Orc:2)
  Azrael (D:14)
  3 deep elf demonologists (Elf:1)
  2 deep elf annihilators
  The ghost of Deukiw the Imperceptible, a journeyman SpEn of Gozag (D:13)
  2 deep elf death magi (Elf:1)
  An ettin (Orc:2)
  A deep elf high priest (Elf:1)
  Fannar (D:10)
  5 caustic shrike simulacra (IceCv)
  Erolcha (D:9)
  An ogre mage (D:14)
  8 hydras
  The ghost of Sensen the Transmogrifier, a journeyman OpTm of Lugonu (D:10)
  A catoblepas (D:10)
  6 centaur warriors
  A satyr (shapeshifter) (D:10)
  8 dancing weapons
  3 boulder beetles
  A tengu warrior (D:15)
  A death knight (D:11)
  6 two-headed ogres
  6 death yaks (Lair:5)
  4 orc high priests
  6 deep elf knights
  2 hell knights
  2 skysharks
  4 skeletal warriors
  4 bog bodies
  A deep troll (D:15)
  2 obsidian statues
  5 orc knights
  3 necromancers
  11 deep elf archers
  A lindwurm (Lair:4)
  16 deep elf zephyrmancers
  9 ugly things
  3 orc sorcerers (Orc:2)
  2 wolf spiders (Lair:5)
  16 deep elf pyromancers
  4 oklob plants (Lair:4)
  A moth of wrath (shapeshifter) (D:15)
  A manticore (D:14)
  8 cyclopes
  An elephant (shapeshifter) (D:11)
  14 elephants
  2 rust devils (D:10)
  14 cane toads
  10 black mambas
  Maurice (D:8)
  2 torpor snails (Lair:3)
  A guardian serpent (Lair:5)
  4 centaur skeletons (D:14)
  2 centaur zombies (D:11)
  2 efreet
  16 freezing wraiths
  6 kobold demonologists
  4 rime drakes
  7 anaconda simulacra
  2 yaktaurs (Volcano)
  An ice devil (Lair:3)
  2 golden dragon simulacra (IceCv)
  2 tengu conjurers
  7 komodo dragons
  A tyrant leech (Lair:2)
  Grinder (D:5)
  6 trolls
  A wolf spider simulacrum (D:15)
  13 blink frogs
  16 hornets
  9 slime creatures
  9 dream sheep (Lair:5)
  2 shadows (D:10)
  3 air elementals
  2 vampires
  2 water elementals
  7 wraiths
  16 wyverns
  57 yaks
  4 fire elementals (D:14)
  10 vampire mosquitoes
  6 basilisks
  A minotaur simulacrum (IceCv)
  Menkaure (D:5)
  2 swamp worms (Lair:2)
  3 wargs
  2 harpy simulacra (IceCv)
  2 acid dragons
  3 nagas (Lair:3)
  22 water moccasins
  The ghost of Quickbrownfox the Conjurer, an amateur OpCj (D:3)
  Edmund (D:5)
  6 hell hounds
  A sky beast (shapeshifter) (D:14)
  6 alligator simulacra (IceCv)
  2 ettin simulacra (IceCv)
  3 ice beasts
  A meliai simulacrum (D:11)
  5 ogres
  28 orc warriors
  2 black bears (Lair:1)
  5 wolves
  19 centaurs
  12 kobold brigands
  Blork the orc (D:5)
  9 bullfrogs
  2 gnoll sergeants (D:8)
  2 two-headed ogre simulacra (Lair:3)
  4 scorpions
  3 deep troll simulacra (IceCv)
  3 earth elementals
  A wight (D:3)
  2 lindwurm simulacra (IceCv)
  An elephant simulacrum (Lair:3)
  17 killer bees
  A howler monkey (D:8)
  4 electric eels
  A jelly (D:6)
  4 hounds
  15 orc priests
  2 sleepcaps
  An iguana (D:9)
  Ijyb (D:5)
  Terence (D:2)
  Natasha (twice) (D:2)
  19 orc wizards
  A polar bear simulacrum (Lair:3)
  3 spriggan simulacra
  2 wolf simulacra (Lair:3)
  11 gnolls (D:8)
  12 adders
  An ufetubus (D:7)
  4 worms (D:15)
  A dart slug (D:1)
  61 orcs
  6 endoplasms
  13 giant cockroaches
  5 hobgoblins
  5 jackals
  2 quokkas
  5 ball pythons
  12 bats
  6 frilled lizards
  10 goblins
  18 kobolds
  5 rats
846 creatures vanquished.

Vanquished Creatures (others)
  A deep elf pyromancer (Elf:3)
  A polar bear (Lair:3)
  An orc priest (Orc:2)
  A kobold (D:14)
4 creatures vanquished.

Grand Total: 850 creatures vanquished

Notes
Turn   | Place    | Note
-------+----------+-------------------------------------------
     0 | D:1      | Peloso the Minotaur Fighter began the quest for the Orb.
     0 | D:1      | Reached XP level 1. HP: 19/19 MP: 0/0
   125 | D:1      | Found Aqoes's Jewellery Shop.
   221 | D:1      | Reached XP level 2. HP: 25/27 MP: 1/1
   348 | D:1      | Reached skill level 3 in Long Blades
  1001 | D:2      | Reached XP level 3. HP: 33/33 MP: 2/2
  1339 | D:2      | Noticed Terence
  1346 | D:2      | Killed Terence
  1347 | D:2      | Reached XP level 4. HP: 35/40 MP: 3/3
  1447 | D:2      | Noticed Natasha
  1453 | D:2      | Killed Natasha
  1454 | D:2      | Reached skill level 4 in Long Blades
  1459 | D:2      | Noticed Natasha
  1465 | D:2      | Killed Natasha
  1466 | D:2      | Reached XP level 5. HP: 45/47 MP: 4/4
  1582 | D:2      | Identified the +7 spear "Xaisch" {drain, rC+++ rCorr Int-3
                  | Stlth+}
  1647 | D:2      | Reached skill level 5 in Armour
  1734 | D:3      | Found a faded altar of an unknown god.
  1735 | D:3      | Noticed a shining eye
  1737 | D:3      | Noticed a golden eye
  1737 | D:3      | Noticed a golden eye
  1737 | D:3      | Noticed an eye of devastation
  1798 | D:3      | Found a runed translucent gate.
  1798 | D:3      | Found a runed translucent gate.
  1798 | D:3      | Found a runed translucent gate.
  1802 | D:3      | Found an opulent altar of Gozag.
  1803 | D:3      | Noticed Quickbrownfox's ghost (amateur OpCj)
  2615 | D:4      | Noticed an ogre
  2619 | D:4      | Killed an ogre
  2620 | D:4      | Reached skill level 1 in Polearms
  2620 | D:4      | Reached skill level 1 in Dodging
  2620 | D:4      | Reached XP level 6. HP: 53/53 MP: 5/5
  2639 | D:4      | Found a glowing golden altar of the Shining One.
  2675 | D:4      | Noticed an ice beast
  2684 | D:4      | Reached skill level 5 in Long Blades
  2691 | D:4      | Killed an ice beast
  2936 | D:4      | Found Faolefen's Assorted Antiques.
  2941 | D:4      | Bought a purple potion for 21 gold pieces
  2941 | D:4      | Bought a scroll labelled BABRAR TAYTHA for 24 gold pieces
  2941 | D:4      | Bought a grey potion for 21 gold pieces
  3276 | D:5      | Entered Level 5 of the Dungeon
  3363 | D:5      | Noticed Edmund
  3365 | D:5      | Found a staircase to the Ecumenical Temple.
  3367 | D:5      | Reached skill level 5 in Fighting
  3367 | D:5      | Reached XP level 7. HP: 61/61 MP: 6/6
  3371 | Temple   | Entered the Ecumenical Temple
  3376 | Temple   | Became a worshipper of Warmaster Okawaru
  3413 | D:5      | Killed Edmund
  3495 | D:5      | Found an opulent altar of Gozag.
  3532 | D:5      | Noticed Grinder
  3541 | D:5      | Paralysed by Grinder for 4 turns
  3546 | D:5      | Killed Grinder
  3776 | D:5      | Noticed Menkaure
  3779 | D:5      | Killed Menkaure
  3780 | D:5      | Reached skill level 5 in Polearms
  3950 | D:5      | Reached XP level 8. HP: 66/69 MP: 7/7
  3989 | D:5      | Reached skill level 5 in Shields
  3989 | D:5      | Reached * piety under Okawaru
  4013 | D:5      | Found the +11 Singing Sword {sonic wave}
  4398 | D:5      | Noticed Ijyb
  4402 | D:5      | Killed Ijyb
  4403 | D:5      | Reached skill level 1 in Stealth
  4462 | D:5      | Noticed Blork the orc
  4467 | D:5      | Killed Blork the orc
  5170 | D:6      | Reached skill level 6 in Long Blades
  5475 | D:7      | Noticed a two-headed ogre
  5481 | D:7      | Killed a two-headed ogre
  5482 | D:7      | Reached skill level 7 in Long Blades
  5482 | D:7      | Reached XP level 9. HP: 73/78 MP: 8/8
  5650 | D:7      | Found a blossoming altar of Fedhas.
  6087 | D:7      | Found a hazy altar of Hepliaklqana.
  6088 | D:7      | Found a shimmering altar of Xom.
  6089 | D:7      | Noticed a spectral ugly thing
  6191 | D:8      | Noticed Maurice
  6199 | D:8      | Reached ** piety under Okawaru
  6203 | D:8      | HP: 2/78 [yak (14)]
  6213 | D:7      | Reached skill level 8 in Long Blades
  6728 | D:8      | Found a white marble altar of Elyvilon.
  6730 | D:8      | Killed Maurice
  6731 | D:8      | Reached skill level 9 in Long Blades
  7021 | D:8      | Reached *** piety under Okawaru
  7032 | D:8      | Found a stormy altar of Qazlal.
  7047 | D:8      | Reached XP level 10. HP: 33/88 MP: 9/9
  7211 | D:8      | Found a shadowy altar of Dithmenos.
  7808 | D:9      | Reached skill level 10 in Long Blades
  7813 | D:9      | Reached **** piety under Okawaru
  8132 | D:9      | Noticed Erolcha
  8139 | D:9      | Killed Erolcha
  8140 | D:9      | Reached skill level 11 in Long Blades
  8140 | D:9      | Reached skill level 10 in Armour
  8146 | D:9      | Reached ***** piety under Okawaru
  8148 | D:9      | Paralysed by a hornet for 1 turns
  8165 | D:9      | Reached XP level 11. HP: 62/95 MP: 10/10
  8177 | D:9      | Found a staircase to the Lair.
  8762 | D:9      | Found a burning altar of Makhleb.
  8804 | D:10     | Entered Level 10 of the Dungeon
  8804 | D:10     | Noticed a deep elf zephyrmancer
  8804 | D:10     | Found a runed translucent door.
  8804 | D:10     | Found a runed translucent door.
  8805 | D:10     | Noticed a catoblepas
  8805 | D:10     | Noticed a lich
  8805 | D:10     | Noticed a skeletal warrior
  8810 | D:10     | Reached skill level 12 in Long Blades
  8812 | D:10     | Noticed a skeletal warrior
  8814 | D:10     | Noticed a skeletal warrior
  8814 | D:10     | Noticed a necromancer
  8818 | D:10     | Noticed Sensen's ghost (journeyman OpTm)
  8890 | D:9      | Identified the +3 halberd of Ru, Muttering {pain, *Rage rN+
                  | Will+}
  9237 | D:10     | Noticed Fannar
  9246 | D:10     | Killed Fannar
  9458 | D:10     | Received a gift from Okawaru
  9648 | D:10     | Noticed an obsidian statue
  9660 | D:10     | Noticed a sixfirhy
  9672 | D:10     | Noticed a sun demon
  9676 | D:10     | Killed an obsidian statue
 10036 | D:10     | Noticed an ice dragon
 10080 | D:10     | an ice dragon changed into a radroach
 10080 | D:10     | Noticed a radroach (shapeshifter)
 10124 | D:10     | Noticed a radroach
 10148 | D:10     | Noticed a bunyip
 10190 | D:10     | Noticed a storm dragon
 10234 | D:10     | Noticed a goliath frog
 10464 | Lair:1   | Entered Level 1 of the Lair of Beasts
 10470 | Lair:1   | Reached skill level 13 in Long Blades
 10471 | Lair:1   | Noticed Gastronok
 10482 | Lair:1   | Killed Gastronok
 10483 | Lair:1   | Reached skill level 10 in Fighting
 10488 | Lair:1   | Noticed a seven-headed hydra
 10502 | Lair:1   | Killed a seven-headed hydra
 10503 | Lair:1   | Reached skill level 10 in Shields
 10904 | Lair:1   | Reached skill level 5 in Dodging
 10904 | Lair:1   | Reached XP level 12. HP: 105/106 MP: 11/11
 10932 | Lair:1   | Reached skill level 14 in Long Blades
 10935 | Lair:1   | Reached skill level 1 in Invocations
 11640 | Lair:2   | Received a gift from Okawaru
 11919 | Lair:2   | Found a staircase to the Swamp.
 12284 | Lair:3   | Identified the +0 hat of the Dungeon {Regen+ Str-5 Stlth+}
                  | (Okawaru gifted it to you on level 3 of the Lair of Beasts)
 12284 | Lair:3   | Received a gift from Okawaru
 12285 | Lair:3   | Reached skill level 15 in Long Blades
 12340 | Lair:3   | HP: 5/110 [komodo dragon (11)]
 12732 | Lair:3   | Noticed a seven-headed hydra
 12739 | Lair:3   | Killed a seven-headed hydra
 12740 | Lair:3   | Reached XP level 13. HP: 71/116 MP: 12/12
 13227 | Lair:3   | Found a staircase to the Snake Pit.
 13684 | D:11     | Reached skill level 16 in Long Blades
 13767 | D:11     | Reached ****** piety under Okawaru
 13776 | D:11     | Received a gift from Okawaru
 13894 | D:11     | Identified the +6 hand axe of Eramaopt {venom, +Blink Str-3
                  | Int+7 SInv}
 13897 | D:11     | Got Sif Muna's Secrets of Space
 13898 | D:11     | Identified the +0 robe of Cutileaj {rPois Str+3 Int+3}
 13993 | D:11     | Found a staircase to the Orcish Mines.
 14144 | D:11     | Identified a scroll of acquirement
 14146 | D:11     | Found a basalt altar of Yredelemnul.
 14704 | D:12     | Reached skill level 17 in Long Blades
 14784 | D:12     | Received a gift from Okawaru
 15200 | Orc:1    | Entered Level 1 of the Orcish Mines
 15618 | Orc:2    | Entered Level 2 of the Orcish Mines
 15638 | Orc:2    | Found a staircase to the Elven Halls.
 15695 | Orc:2    | Noticed an orc warlord
 15748 | Orc:2    | Killed an orc warlord
 15953 | Orc:2    | Reached XP level 14. HP: 129/129 MP: 9/13
 16060 | Orc:2    | Found Pydifobb's Magic Scroll Shoppe.
 16060 | Orc:2    | Found Jathixop's Jewellery Boutique.
 16069 | Orc:2    | Found Tyngirew's Jewellery Shoppe.
 16069 | Orc:2    | Found Haicw's Jewellery Boutique.
 17224 | D:3      | Killed Quickbrownfox's ghost
 17447 | D:10     | Killed a lich
 17451 | D:10     | Identified the +1 robe "Humazagh" {Str+2 Dex+2} (Okawaru
                  | gifted it to you on level 10 of the Dungeon)
 17451 | D:10     | Received a gift from Okawaru
 17459 | D:10     | Killed Sensen's ghost
 17987 | D:13     | Found a bloodstained altar of Trog.
 18086 | D:13     | Identified the +9 halberd "Murmur" {venom, rF+}
 18186 | D:13     | Found a large runed translucent door.
 18186 | D:13     | Found a large runed translucent door.
 18186 | D:13     | Noticed Deukiw's ghost (journeyman SpEn)
 18271 | D:13     | Killed Deukiw's ghost
 18278 | D:13     | Identified the staff of poison "Nesar" {rPois Str+3}
 18673 | D:14     | Reached skill level 18 in Long Blades
 18675 | D:14     | Noticed Azrael
 18684 | D:14     | Killed Azrael
 19075 | D:14     | Found a gate to the Vaults.
 19290 | D:14     | Reached XP level 15. HP: 139/139 MP: 10/15
 19458 | D:15     | Entered Level 15 of the Dungeon
 19506 | D:15     | Reached skill level 15 in Fighting
 20025 | D:15     | Found a staircase to the Depths.
 20041 | D:15     | Identified the +3 pair of gloves of Okawaru's Hope {Fly
                  | Int+5} (Okawaru gifted it to you on level 15 of the
                  | Dungeon)
 20041 | D:15     | Received a gift from Okawaru
 20786 | Lair:4   | Found a staircase to the Slime Pits.
 20786 | Lair:4   | Found a viscous altar of Jiyva.
 20796 | Lair:4   | Reached skill level 15 in Shields
 20852 | Lair:4   | Found a dark tunnel.
 20940 | Volcano  | Entered a volcano
 20972 | Volcano  | Reached skill level 19 in Long Blades
 21089 | Volcano  | Acquired the ring "Goakk" {Wiz rPois rC+ Int+3 Dex+3}
 21887 | Lair:5   | Entered Level 5 of the Lair of Beasts
 22182 | Lair:5   | Received a gift from Okawaru
 22835 | Lair:5   | Reached XP level 16. HP: 151/151 MP: 16/16
 23551 | Lair:5   | Received a gift from Okawaru
 24783 | Elf:1    | Entered Level 1 of the Elven Halls
 24814 | Elf:1    | Paralysed by an air elemental for 1 turns
 24819 | Elf:1    | Paralysed by an air elemental for 1 turns
 24835 | Elf:1    | Noticed an Executioner
 24838 | Elf:1    | Reached skill level 15 in Armour
 24871 | Elf:1    | Identified the +0 helmet of a Gauntlet {*Corrode rPois
                  | Will+ Dex+2}
 24993 | Elf:1    | Found a frozen archway.
 25021 | IceCv    | Entered an ice cave
 25409 | IceCv    | Found an ancient bone altar of Kikubaaqudgha.
 25419 | IceCv    | Received a gift from Okawaru
 25703 | IceCv    | Noticed a lich
 25720 | IceCv    | Killed a lich
 25721 | IceCv    | Reached skill level 20 in Long Blades
 25833 | IceCv    | Identified the ring "Xoex" {rN+ Str+2}
 26254 | Elf:1    | Found a huge runed gate.
 26254 | Elf:1    | Found a huge runed gate.
 26254 | Elf:1    | Found a huge runed gate.
 26254 | Elf:1    | Found a huge runed gate.
 26255 | Elf:1    | Found a huge runed gate.
 26255 | Elf:1    | Found a huge runed gate.
 26256 | Elf:1    | Found a huge runed gate.
 26257 | Elf:1    | Found a huge runed gate.
 26257 | Elf:1    | Found a huge runed gate.
 26258 | Elf:1    | Found a huge runed gate.
 26258 | Elf:1    | Found a huge runed gate.
 26259 | Elf:1    | Found a huge runed gate.
 26260 | Elf:1    | Found a huge runed gate.
 26267 | Elf:1    | Noticed a deep elf master archer
 26275 | Elf:1    | Killed a deep elf master archer
 26874 | Elf:1    | Identified the +1 robe of Distant Worlds {rF+}
 26891 | Elf:1    | Identified the +3 scimitar of Wieshure {flame, rElec}
                  | (Okawaru gifted it to you on level 1 of the Elven Halls)
 26891 | Elf:1    | Received a gift from Okawaru
 27317 | Elf:2    | Reached XP level 17. HP: 145/163 MP: 17/17
 27601 | Elf:2    | Found a runed translucent gate.
 27607 | Elf:2    | Found a runed translucent gate.
 27607 | Elf:2    | Found a runed translucent gate.
 27680 | Elf:3    | Entered Level 3 of the Elven Halls
 27806 | Elf:3    | Paralysed by an air elemental for 1 turns
 27808 | Elf:3    | Paralysed by an air elemental for 1 turns
 27905 | Elf:3    | Identified the +0 plate armour of the Salmon {Harm +Blink}
                  | (Okawaru gifted it to you on level 3 of the Elven Halls)
 27905 | Elf:3    | Received a gift from Okawaru
 27984 | Elf:3    | Killed from afar by a deep elf zephyrmancer

Illustrated notes

Levels and vault maps discovered:
D:1:      spicycebolla_arrival_xxxplode, layout_rooms, serial_co_window_serial,
          co_window_paths_a, co_window_corner_a, co_window_paths_b,
          co_window_paths_a, co_window_paths_b, co_window_corner_a,
          co_window_corner_a, co_window_paths_a, co_window_of_opportunity_a,
          co_window_paths_c, co_window_2corner, co_window_of_opportunity_b,
          co_window_corner_ca, co_window_unsneaky_path_e, co_window_2corner,
          glass_columns_b, serial_shops, nicolae_shop_window_shopping
D:2:      minmay_roachtagon, layout_basic, serial_glass, glass_columns_c,
          glass_columns_a, glass_columns_a, glass_columns_a, glass_columns_c,
          glass_columns_c, due_unseen_surprise, feat_on_display, uniq_terence,
          uniq_natasha
D:3:      layout_basic, ebering_ghost_gozag,
          hellmonk_ecumenical_altar_watching_god
D:4:      layout_loops_ring, tso_altar, serial_shops,
          nicolae_shop_tiny_real_fake_doors, minivault_27, minmay_small_thing
D:5:      old_forge, layout_basic,
          nicolae_gozag_cash_rules_everything_around_me, temple_doors_e,
          uniq_ijyb, uniq_blork_the_orc, uniq_grinder, uniq_edmund,
          uniq_menkaure
D:6:      layout_rooms
D:7:      layout_basic, fedhas_altar_2, regret_index_temple_of_mockery
D:8:      layout_basic, mainiacjoe_overflow_concentric_impassable,
          chequers_temple_overflow_statue_of_worship, uniq_maurice
D:9:      cheibrodos_iron_armory, layout_grid_maze, lightli_temple_of_fire,
          minmay_lair_entry_grove, special_room [special_room_kobold],
          uniq_erolcha
D:10:     layout_loops_corners, muffindrake_ghost_dual_entry, minivault_16,
          uniq_fannar
D:11:     minmay_the_grid_triangle_9x9_recursive_2_mashed
          [minmay_the_grid_triangle_9x9_prize_center,
          minmay_the_grid_triangle_9x9_corruption,
          minmay_the_grid_triangle_9x9_dagger,
          minmay_the_grid_triangle_9x9_zippers_vertical], layout_rooms,
          david_orc_2, lemuel_zombie_altar_yredelemnul
D:12:     layout_gridville
D:13:     layout_basic, ebering_ghost_disaster_area, bloody_trog
D:14:     layout_basic, hangedman_vaults_entry_quadrant_bands,
          minmay_staircase_statues, uniq_azrael
D:15:     hangedman_depths_entry_civil_slaughter, layout_loops_ring,
          nicolae_concentric_dashed_squares_mild, hive_lemuel
Temple:   nicolae_temple_ecumenical_triangle
Lair:1:   layout_roguey, uniq_gastronok
Lair:2:   layout_cave_pods, minmay_swamp_entry_worms
Lair:3:   dreamdust_isle_of_ice, layout_cave_pods,
          minmay_snake_entry_guardpost_small, columned_hall_lemuel,
          grunt_forest_stairs_basic, dreamdust_mushroom_princess,
          chequers_serial_rivers_micro_e, chequers_serial_rivers_micro_e,
          serial_bayou_shore_a
Lair:4:   layout_roguey, minmay_slime_entry_oklob_open, enter_volcano_3
Lair:5:   hangedman_lair_tendril_chambers, layout_gridlike,
          small_statue_intersection
Orc:1:    layout_caves
Orc:2:    grunt_orc_tribal_feast, layout_diamond_mine
Elf:1:    layout_rooms, portal_ice_cave_entry_pillars_1,
          minmay_elf_crystal_hexagon, fountainhead, door_vault
Elf:2:    elven_hall_of_blades_hangedman_original [mumra_blade_entry_bloodbath],
          layout_geoelf_diagonals
Elf:3:    minmay_elf_hall_hex, layout_loops_corners

Skill      XL: |  1  2  3  4  5  6  7  8  9 10 11 12 13 14 15 16 17 |
---------------+----------------------------------------------------+-----
Armour         | 4 5 6 7 9 10 11 12 13 14 15 | 15.6
Long Blades    | 3 4 5 7 9 11 13 15 17 18 19 20 | 20.5
Fighting       | 4 5 6 7 8 10 11 13 14 16 17 18 | 18.0
Shields        | 4 5 6 8 10 11 13 14 16 18 | 18.6
Polearms       | 1 3 5 6 |  6.3
Dodging        | 1 2 3 4 5 6 7 |  7.5
Stealth        | 1 2 3 |  3.0
Invocations    | 1 |  1.6
Evocations     | |  0.7

Action                     |  1- 3 |  4- 6 |  7- 9 | 10-12 | 13-15 | 16-18 || total
---------------------------+-------+-------+-------+-------+-------+-------++-------
  Melee: Long sword        |   105 |    18 |       |       |       |       ||   123
         Headbutt          |    19 |    15 |    21 |    55 |   194 |    67 ||   371
         Spear             |       |    70 |    49 |    12 |     2 |       ||   133
         Double sword      |       |       |    88 |   316 |   730 |   319 ||  1453
         Scimitar          |       |       |       |       |    36 |     5 ||    41
 Invoke: Heroism           |       |       |     1 |     3 |     3 |     1 ||     8
  Evoke: Wand              |       |       |     3 |       |     2 |     2 ||     7
    Use: Potion            |     2 |       |     1 |     1 |     1 |       ||     5
         Scroll            |     1 |     1 |     2 |     9 |    17 |     3 ||    33
   Stab: Held in net/web   |       |       |     1 |       |       |       ||     1
 Armour: Chain mail        |    75 |    38 |    47 |   108 |    69 |    29 ||   366
         Scale mail        |     4 |       |       |       |       |       ||     4
         Plate armour      |       |       |       |       |   169 |    71 ||   240
  Dodge: Dodged            |    61 |    37 |    77 |   178 |   262 |   121 ||   736
  Block: Buckler           |    43 |    10 |       |       |       |       ||    53
         Kite shield       |       |    10 |    68 |   307 |   653 |   266 ||  1304
         Reflection        |       |       |       |     6 |    45 |    29 ||    80
